MWL (24 & UNDER)
MINNESOTA DEATH STARS @ LITTLE ROCK LEMMIWINKS
09/10/2030
 
TOP OF THE 1ST
Minnesota Death Stars batting - Pitching for Little Rock Lemmiwinks : RHP Muneyaki Nakamura
Pitching: RHP Muneyaki Nakamura
Batting: RHB Lou Hammond 0-0: Called Strike
0-1: Ball
1-1: Ball
2-1: Ball
3-1: Foul Ball, location: 2F
3-2: Foul Ball, location: 2F
3-2: Strikes out swinging
Batting: LHB Ryan Miller 0-0: Ball
1-0: Swinging Strike
1-1: Ball
2-1: SINGLE (Groundball, 4MD)
Batting: LHB Larry Wright 0-0: Swinging Strike
0-1: Ball
1-1: Ball
2-1: Swinging Strike
2-2: Ball
3-2: Strikes out swinging
Batting: RHB Manuel Cintrón 0-0: Ball
1-0: DOUBLE (Flyball, 8RD)
Ryan Miller to third
Runner from 3rd tries for Home, SAFE, no throw
Batting: RHB Ernesto Quintero 0-0: Ball
1-0: Swinging Strike
1-1: Ball
2-1: Ball
3-1: Base on Balls
Batting: LHB Jamie Walker 0-0: Called Strike
0-1: Fly out, F7 (Line Drive, 7S)
Top of the 1st over - 1 run, 2 hits, 0 errors, 2 left on base; Minnesota 1 - Little Rock 0
BOTTOM OF THE 1ST
Little Rock Lemmiwinks batting - Pitching for Minnesota Death Stars : RHP James Jones
Pitching: RHP James Jones
Batting: RHB Álex Martínez 0-0: Ball
1-0: Ball
2-0: Called Strike
2-1: Fly out, F7 (Line Drive, 7D)
Batting: LHB Manny Robles 0-0: Swinging Strike
0-1: Called Strike
0-2: Foul Ball, location: 2F
0-2: Strikes out looking
Batting: RHB Kokaji Ridha 0-0: Ground out 6-3 (Groundball, 56)
Bottom of the 1st over - 0 runs, 0 hits, 0 errors, 0 left on base; Minnesota 1 - Little Rock 0
TOP OF THE 2ND
Minnesota Death Stars batting - Pitching for Little Rock Lemmiwinks : RHP Muneyaki Nakamura
Batting: RHB Justin López 0-0: Called Strike
0-1: Reached on error, E3 (Groundball, 34)
Batting: RHB Danny Scott 0-0: Ball
1-0: Called Strike
1-1: Fly out, F9 (Flyball, 9D)
Batting: LHB Chris Henry 0-0: Ball
1-0: Called Strike
1-1: Called Strike
1-2: Ball
2-2: Ball
3-2: Fly out, F9 (Flyball, 89S)
Batting: RHB Lou Hammond 0-0: Called Strike
0-1: Foul Ball, location: 2F
0-2: Ball
1-2: Ball
Justin López is caught stealing 2nd base
Top of the 2nd over - 0 runs, 0 hits, 1 error, 0 left on base; Minnesota 1 - Little Rock 0
BOTTOM OF THE 2ND
Little Rock Lemmiwinks batting - Pitching for Minnesota Death Stars : RHP James Jones
Batting: RHB Roberto Valdéz 0-0: Ball
1-0: Ground out 5-3 (Groundball, 5)
Batting: LHB Greg MacCanish 0-0: Hit by Pitch
Batting: RHB Ánibal Soto 0-0: Ball
1-0: Ball
2-0: Ball
3-0: Called Strike
3-1: Base on Balls
Greg MacCanish to second
Batting: LHB Horace Kramer 0-0: Called Strike
0-1: SINGLE (Flyball, 7S)
Greg MacCanish to third
Ánibal Soto to second
Batting: RHB José Rodríguez 0-0: Ball
1-0: Called Strike
1-1: Grounds into double play, 6-4-3 (Groundball, 6)
Bottom of the 2nd over - 0 runs, 1 hit, 0 errors, 2 left on base; Minnesota 1 - Little Rock 0
TOP OF THE 3RD
Minnesota Death Stars batting - Pitching for Little Rock Lemmiwinks : RHP Muneyaki Nakamura
Batting: RHB Lou Hammond 0-0: Called Strike
0-1: Ball
1-1: Swinging Strike
1-2: Ball
2-2: Strikes out swinging
Batting: LHB Ryan Miller 0-0: Called Strike
0-1: Called Strike
0-2: Foul Ball, location: 2F
0-2: Strikes out swinging
Batting: LHB Larry Wright 0-0: Ball
1-0: Swinging Strike
1-1: Ground out 5-3 (Groundball, 56)
Top of the 3rd over - 0 runs, 0 hits, 0 errors, 0 left on base; Minnesota 1 - Little Rock 0
BOTTOM OF THE 3RD
Little Rock Lemmiwinks batting - Pitching for Minnesota Death Stars : RHP James Jones
Batting: RHB Norberto Gallardo 0-0: Fly out, F8 (Flyball, 8RS)
Batting: RHB Álex Martínez 0-0: Called Strike
0-1: Ground out 4-3 (Groundball, 34)
Batting: LHB Manny Robles 0-0: Ball
1-0: Foul Ball, location: 2F
1-1: Ground out U3 (Groundball, 34)
Bottom of the 3rd over - 0 runs, 0 hits, 0 errors, 0 left on base; Minnesota 1 - Little Rock 0
TOP OF THE 4TH
Minnesota Death Stars batting - Pitching for Little Rock Lemmiwinks : RHP Muneyaki Nakamura
Batting: RHB Manuel Cintrón 0-0: Ball
1-0: Ball
2-0: Ball
3-0: Called Strike
3-1: SINGLE (Line Drive, 4D)
Batting: RHB Ernesto Quintero 0-0: Called Strike
0-1: Ball
1-1: Ball
2-1: Ball
3-1: Foul Ball, location: 2F
3-2: Foul Ball, location: 2F
3-2: Strikes out swinging
Batting: LHB Jamie Walker 0-0: Ball
1-0: Called Strike
1-1: Called Strike
1-2: Foul Ball, location: 2F
1-2: Ball
2-2: Foul Ball, location: 2F
2-2: Strikes out looking
Batting: RHB Justin López 0-0: Ball
1-0: Foul Ball, location: 2F
1-1: Called Strike
1-2: Fielders Choice at 2nd, 5-4 (Groundball, 56)
Top of the 4th over - 0 runs, 1 hit, 0 errors, 1 left on base; Minnesota 1 - Little Rock 0
BOTTOM OF THE 4TH
Little Rock Lemmiwinks batting - Pitching for Minnesota Death Stars : RHP James Jones
Batting: RHB Kokaji Ridha 0-0: Foul Ball, location: 2F
0-1: Ball
1-1: Foul Ball, location: 2F
1-2: Ball
2-2: Foul Ball, location: 2F
2-2: Strikes out swinging
Batting: RHB Roberto Valdéz 0-0: Foul Ball, location: 2F
0-1: Called Strike
0-2: Ball
1-2: Strikes out swinging
Batting: LHB Greg MacCanish 0-0: Ground out 3-1 (Groundball, 34S)
Bottom of the 4th over - 0 runs, 0 hits, 0 errors, 0 left on base; Minnesota 1 - Little Rock 0
TOP OF THE 5TH
Minnesota Death Stars batting - Pitching for Little Rock Lemmiwinks : RHP Muneyaki Nakamura
Batting: RHB Danny Scott 0-0: Called Strike
0-1: Foul Ball, location: 2F
0-2: Ground out 5-3 (Groundball, 56)
Batting: LHB Chris Henry 0-0: Ball
1-0: Ball
2-0: Swinging Strike
2-1: Foul Ball, location: 2F
2-2: SINGLE (Groundball, 4) (infield hit)
Batting: RHB Lou Hammond 0-0: Called Strike
0-1: Ball
1-1: Ball
2-1: Ball
3-1: Base on Balls
Chris Henry to second
Pitching: RHP Lorenzo Fernández
Batting: LHB Ryan Miller 0-0: Ball
Chris Henry steals 3rd base
Lou Hammond to second
1-0: Called Strike
1-1: Called Strike
1-2: Strikes out swinging
Batting: LHB Larry Wright 0-0: Ball
1-0: Ball
2-0: Ball
3-0: Base on Balls
Batting: RHB Manuel Cintrón 0-0: Called Strike
0-1: Swinging Strike
0-2: Ball
Wild Pitch!
Chris Henry scores
Lou Hammond to third
Larry Wright to second
1-2: Foul Ball, location: 2F
1-2: Strikes out swinging
Top of the 5th over - 1 run, 1 hit, 0 errors, 2 left on base; Minnesota 2 - Little Rock 0
BOTTOM OF THE 5TH
Little Rock Lemmiwinks batting - Pitching for Minnesota Death Stars : RHP James Jones
Batting: RHB Ánibal Soto 0-0: Called Strike
0-1: Fly out, F9 (Flyball, 89S)
Batting: LHB Horace Kramer 0-0: Ball
1-0: Ball
2-0: Swinging Strike
2-1: Foul Ball, location: 2F
2-2: Ball
3-2: Ground out U3 (Groundball, 3)
Batting: RHB José Rodríguez 0-0: Called Strike
0-1: Foul Ball, location: 2F
0-2: Foul Ball, location: 2F
0-2: Ball
1-2: Strikes out swinging
Bottom of the 5th over - 0 runs, 0 hits, 0 errors, 0 left on base; Minnesota 2 - Little Rock 0
TOP OF THE 6TH
Minnesota Death Stars batting - Pitching for Little Rock Lemmiwinks : RHP Lorenzo Fernández
Batting: RHB Ernesto Quintero 0-0: Foul Ball, location: 2F
0-1: Swinging Strike
0-2: Ball
1-2: Ball
2-2: Ball
3-2: Strikes out swinging
Batting: LHB Jamie Walker 0-0: Ball
1-0: Called Strike
1-1: Foul Ball, location: 2F
1-2: Foul Ball, location: 2F
1-2: Foul Ball, location: 2F
1-2: Ball
2-2: Strikes out swinging
Batting: RHB Justin López 0-0: SINGLE (Groundball, 4D)
Batting: RHB Danny Scott 0-0: Ball
1-0: Swinging Strike
1-1: Swinging Strike
1-2: Ball
2-2: Strikes out swinging
Top of the 6th over - 0 runs, 1 hit, 0 errors, 1 left on base; Minnesota 2 - Little Rock 0
BOTTOM OF THE 6TH
Little Rock Lemmiwinks batting - Pitching for Minnesota Death Stars : RHP James Jones
Batting: RHB Norberto Gallardo 0-0: Swinging Strike
0-1: Ball
1-1: Ball
2-1: Ball
3-1: Base on Balls
Batting: RHB Álex Martínez 0-0: Grounds into double play, 4-6-3 (Groundball, 4)
Batting: LHB Manny Robles 0-0: Ball
1-0: Swinging Strike
1-1: Called Strike
1-2: Foul Ball, location: 2F
1-2: Ball
2-2: Ground out 4-3 (Groundball, 34D)
Bottom of the 6th over - 0 runs, 0 hits, 0 errors, 0 left on base; Minnesota 2 - Little Rock 0
TOP OF THE 7TH
Minnesota Death Stars batting - Pitching for Little Rock Lemmiwinks : RHP Lorenzo Fernández
Batting: LHB Chris Henry 0-0: Ball
1-0: Ball
2-0: Called Strike
2-1: Ball
3-1: Foul Ball, location: 2F
3-2: Base on Balls
Batting: RHB Lou Hammond 0-0: Bunt missed!
0-1: Sac Bunt - play at first, batter OUT! 2-4
Chris Henry to second
Batting: LHB Ryan Miller 0-0: Ball
1-0: Ball
2-0: Ball
3-0: Base on Balls
Batting: LHB Larry Wright 0-0: Ball
1-0: Ball
2-0: Foul Ball, location: 2F
2-1: Called Strike
2-2: TRIPLE (Flyball, 9LD)
Chris Henry scores
Ryan Miller scores
Pitching: RHP Shawn Moore
Batting: RHB Manuel Cintrón 0-0: Foul Ball, location: 2F
0-1: SINGLE (Groundball, 34)
Larry Wright scores
Batting: RHB Ernesto Quintero 0-0: Ball
Manuel Cintrón steals 2nd base
1-0: Called Strike
1-1: Foul Ball, location: 2F
1-2: Ball
2-2: Foul Ball, location: 2F
2-2: Strikes out swinging
Batting: LHB Jamie Walker 0-0: Foul Ball, location: 2F
0-1: Ball
Wild Pitch!
Manuel Cintrón to third
1-1: Ball
2-1: Foul Ball, location: 2F
2-2: Strikes out swinging
Top of the 7th over - 3 runs, 2 hits, 0 errors, 1 left on base; Minnesota 5 - Little Rock 0
BOTTOM OF THE 7TH
Little Rock Lemmiwinks batting - Pitching for Minnesota Death Stars : RHP James Jones
Batting: RHB Kokaji Ridha 0-0: Foul Ball, location: 2F
0-1: Ball
1-1: Ball
2-1: Foul Ball, location: 2F
2-2: SINGLE (Line Drive, 8LS)
Batting: RHB Roberto Valdéz 0-0: Ground out U3 (Groundball, 3S)
Kokaji Ridha to second
Batting: LHB Greg MacCanish 0-0: Ball
1-0: Swinging Strike
1-1: Ball
2-1: Ball
3-1: Base on Balls
Batting: RHB Ánibal Soto 0-0: Ground out 6-3 (Groundball, 6MS)
Kokaji Ridha to third
Greg MacCanish to second
Batting: LHB Horace Kramer 0-0: Ball
1-0: Called Strike
1-1: Ball
2-1: Swinging Strike
2-2: Strikes out swinging
Bottom of the 7th over - 0 runs, 1 hit, 0 errors, 2 left on base; Minnesota 5 - Little Rock 0
TOP OF THE 8TH
Minnesota Death Stars batting - Pitching for Little Rock Lemmiwinks : RHP Shawn Moore
Batting: RHB Justin López 0-0: Ball
1-0: Foul Ball, location: 2F
1-1: Foul Ball, location: 2F
1-2: Ball
2-2: Strikes out looking
Batting: RHB Danny Scott 0-0: Ball
1-0: Ball
2-0: Ball
3-0: Base on Balls
Batting: LHB Chris Henry 0-0: Foul Ball, location: 2F
0-1: Ball
1-1: Fielders Choice at 2nd, 4-6 (Groundball, 4)
Batting: RHB Lou Hammond 0-0: Ball
Chris Henry steals 2nd base
1-0: Ball
2-0: Called Strike
2-1: Foul Ball, location: 2F
2-2: Strikes out swinging
Top of the 8th over - 0 runs, 0 hits, 0 errors, 1 left on base; Minnesota 5 - Little Rock 0
BOTTOM OF THE 8TH
Little Rock Lemmiwinks batting - Pitching for Minnesota Death Stars : RHP James Jones
Batting: RHB José Rodríguez 0-0: Swinging Strike
0-1: Ball
1-1: Ball
2-1: Foul Ball, location: 2F
2-2: Ground out 4-3 (Groundball, 4M)
Batting: RHB Norberto Gallardo 0-0: Swinging Strike
0-1: Ball
1-1: Swinging Strike
1-2: Strikes out swinging
Batting: RHB Álex Martínez 0-0: Ball
1-0: Ball
2-0: Ground out 1-3 (Groundball, P)
Bottom of the 8th over - 0 runs, 0 hits, 0 errors, 0 left on base; Minnesota 5 - Little Rock 0
TOP OF THE 9TH
Minnesota Death Stars batting - Pitching for Little Rock Lemmiwinks : RHP Shawn Moore
Pitching: RHP José Antonio Peńa
Batting: LHB Ryan Miller 0-0: Ball
1-0: Called Strike
1-1: Swinging Strike
1-2: Ball
2-2: Ball
3-2: Ground out 5-3 (Groundball, 56)
Batting: LHB Larry Wright 0-0: Ball
1-0: Called Strike
1-1: SINGLE (Groundball, 4MS) (infield hit)
Batting: RHB Manuel Cintrón 0-0: Ball
1-0: Called Strike
1-1: SINGLE (Line Drive, 4D)
Larry Wright to second
Runner from 2nd tries for 3rd, SAFE, no throw
Batting: RHB Ernesto Quintero 0-0: Called Strike
0-1: Foul Ball, location: 2F
0-2: Strikes out swinging
Batting: LHB Jamie Walker 0-0: Ball
1-0: Foul Ball, location: 2F
1-1: Ball
2-1: Hit by Pitch
Manuel Cintrón to second
Batting: RHB Justin López 0-0: Foul Ball, location: 2F
0-1: Ball
1-1: Called Strike
1-2: Ball
2-2: Strikes out swinging
Top of the 9th over - 0 runs, 2 hits, 0 errors, 3 left on base; Minnesota 5 - Little Rock 0
BOTTOM OF THE 9TH
Little Rock Lemmiwinks batting - Pitching for Minnesota Death Stars : RHP James Jones
Batting: LHB Manny Robles 0-0: SINGLE (Line Drive, 8RM)
Batting: RHB Kokaji Ridha 0-0: Ball
1-0: Foul Ball, location: 2F
1-1: DOUBLE (Line Drive, 8RD)
Manny Robles to third
Batting: RHB Roberto Valdéz 0-0: Ball
1-0: Ground out 4-3 (Groundball, 4)
Manny Robles scores
Kokaji Ridha to third
Batting: LHB Greg MacCanish 0-0: Called Strike
0-1: Ball
1-1: SINGLE (Groundball, 56D)
Kokaji Ridha scores
Pitching: LHP Kurt Brown
Batting: RHB Ánibal Soto 0-0: Ball
1-0: Ball
2-0: Grounds into double play, 5-4-3 (Groundball, 56)
Bottom of the 9th over - 2 runs, 3 hits, 0 errors, 0 left on base; Minnesota 5 - Little Rock 2
Saturday, April 7th, 2018 - OOTP Baseball 18.8 Build 76